Map: Blackpink LE

Players

llIllllIllll - Winner!

  • Race: Protoss Protoss
  • League: Master
  • Spawn Location: 7:00

Zpassion

  • Race: Terran Terran
  • League: Diamond
  • Spawn Location: 1:00

VOD

Have the link to the VOD?

Description

Time

  • Played on: Jan. 8, 2018, 7:26 p.m.
  • Length: 8:34
Show
View Real Time Build Order
Export as new Build Order

llIllllIllll Protoss - Winner!

Build Orders: 1 Gate Expand 

Get SALT Encoding   

  12  0:00  Probe  
  13  0:13  Probe  
  14  0:18  Pylon  
  14  0:25  Probe (Chrono Boost)  
  15  0:35  Probe (Chrono Boost)  
  15  0:39  Gateway  
  16  0:43  Probe  
  17  0:55  Probe  
  18  0:58  Pylon  
  18  1:11  Pylon  
  18  1:16  Probe  
  19  1:21  Pylon  
  19  1:28  Nexus  
  19  1:35  Zealot (Chrono Boost)  
  21  1:41  Pylon  
  21  1:53  Zealot (Chrono Boost)  
  22  2:11  Probe  
  23  2:18  Zealot (Chrono Boost)  
  25  2:23  Probe  
  26  2:38  Zealot  
  26  2:41  Probe  
  29  2:53  Probe  
  30  3:05  Probe  
  31  3:17  Probe  
  32  4:47  Probe  
  32  4:48  Assimilator  
  32  4:51  Assimilator  
  33  4:59  Probe  
  34  5:11  Probe  
  35  5:18  Cybernetics Core  
  35  5:24  Gateway  
  35  5:26  Gateway  
  35  5:31  Gateway  
  35  5:33  Gateway  
  35  5:34  Pylon  
  35  5:35  Pylon, Nexus  
  35  5:47  Pylon  
  29  6:42  Adept x2 (Chrono Boost)  
  29  6:43  Adept (Chrono Boost)  
  37  6:47  Adept x2 (Chrono Boost)  
  37  6:49  Pylon  
  36  6:58  Nexus  
  36  7:00  Pylon  
  36  7:04  Assimilator  
  36  7:06  Assimilator  
  36  7:14  Adept  
  36  7:15  Adept x2  
  36  7:16  Adept x2  
  46  7:35  Twilight Council  
  45  7:41  Adept  
  45  7:42  Adept  
  45  7:43  Adept  
Show
View Real Time Build Order
Export as new Build Order

Zpassion Terran 

Build Orders:  

Get SALT Encoding   

  12  0:01  SCV  
  13  0:13  SCV  
  14  0:17  Supply Depot  
  14  0:25  SCV  
  15  0:39  SCV  
  15  0:40  Barracks  
  16  0:45  Refinery  
  16  0:51  SCV  
  17  1:03  SCV  
  18  1:12  Refinery  
  18  1:15  SCV  
  19  1:27  SCV  
  20  1:39  Orbital Command  
  20  1:41  Supply Depot  
  20  2:04  Reaper  
  21  2:09  SCV  
  21  2:11  Supply Depot  
  21  2:14  Factory  
  22  2:21  SCV  
  23  2:33  SCV  
  24  2:38  Engineering Bay  
  24  2:40  Barracks Reactor  
  24  2:45  SCV  
  17  3:45  Orbital Command  
  17  3:51  Barracks  
  17  4:48  Supply Depot  
  17  4:53  Supply Depot  
  17  5:08  Bunker  
  17  5:10  SCV, Reaper  
  17  5:11  Barracks  
  20  5:15  Barracks  
  20  5:20  Refinery  
  19  5:22  SCV  
  20  5:34  SCV  
  21  5:46  SCV  
  22  5:58  SCV  
  22  6:00  Reaper  
  21  6:11  SCV  
  18  6:23  SCV  
  12  6:35  SCV  
  13  6:43  Marine x2  
  14  6:47  SCV  
  15  7:01  Marine  
  15  7:21  SCV  
  16  7:23  Barracks Tech Lab  
  16  7:26  Barracks Reactor  
  16  7:30  Bunker  
  16  7:33  SCV  
  16  7:34  Barracks  
  17  7:45  SCV  
  14  7:56  Command Center  
  14  7:57  SCV  
  13  8:09  SCV  
  13  8:14  Marine  
Tags
 
Add a new tag
Caveats
  • Supply blocks, unpowered buildings, or Contaminate may cause inaccurate times.
  • Supply counts are checked every 10 seconds.